 Dungeon Crawl Stone Soup version 0.30.0-10-gfe55d96785 (webtiles) character file.

Game seed: 15248566445935167244

702 olmar the Cudgeller (level 7, -1/64 HPs)
             Began as a Naga Fighter on May 15, 2023.
             Was an Initiate of Gozag.
             Splashed by a jelly's acid (3 damage)
             ... on level 5 of the Dungeon.
             The game lasted 00:05:23 (4520 turns).

olmar the Cudgeller (Naga Fighter)                  Turns: 4520, Time: 00:05:23

Health: -1/64      AC: -1    Str: 20    XL:     7   Next: 66%
Magic:  7/7        EV:  7    Int:  9    God:    Gozag
Gold:   174        SH:  4    Dex: 10    Spells: 6/6 levels left

rFire   + . .        a - +0 flail (venom)
rCold   . . .        c - +0 buckler
rNeg    . . .        b - +0 scale mail
rPois   +            (no helmet)
rElec   .            p - +1 cloak
rCorr   .            e - +0 pair of gloves
SInv    +            (no barding)
Will    +....        (no amulet) Stlth
                     d - ring of willpower
HPRegen 0.30/turn    u - ring of protection from fire
MPRegen 0.10/turn

%: no passive effects
@: corroded, gold aura, very slow
A: AC +2, large, see invisible, deformed body, poison resistance, slowness 2,
spit poison 1, naga tail 1
a: Spit Poison, Renounce Religion, Potion Petition, Call Merchant, Bribe Branch


You were on level 5 of the Dungeon.
You worshipped Gozag.
Gozag was aware of your devotion.
You visited 2 branches of the dungeon, and saw 6 of its levels.

You collected 226 gold pieces.
You paid 52 gold pieces to Gozag.

Inventory:

Hand Weapons
 a - a +0 flail of venom (weapon)
 g - a +0 morningstar
Armour
 b - a +0 scale mail (worn)
 c - a +0 buckler (worn)
 e - a +0 pair of gloves (worn)
 p - a +1 cloak (worn)
Jewellery
 d - a ring of willpower (left hand)
 u - a ring of protection from fire (right hand)
Scrolls
 i - 2 scrolls of fear {unknown}
 j - a scroll of blinking {unknown}
 k - a scroll of summoning {unknown}
 l - a scroll of magic mapping {unknown}
 n - a scroll of vulnerability {unknown}
 o - a scroll of brand weapon
 q - 2 scrolls of torment
 s - a scroll of poison {unknown}
 w - a scroll of immolation {unknown}
 x - a scroll of noise {unknown}
Potions
 f - 3 potions of lignification
 h - a potion of resistance
 m - a potion of brilliance {unknown}
 r - a potion of attraction {unknown}
 t - a potion of haste
 v - a potion of invisibility {unknown}


   Skills:
 + Level 4.3 Fighting
 + Level 4.8 Maces & Flails
 + Level 4.6 Armour
 + Level 1.5 Dodging
 + Level 2.2 Stealth
 + Level 3.4 Shields


You had 6 spell levels left.
You didn't know any spells.
Your spell library was empty.

Dungeon Overview and Level Annotations

Branches:
Dungeon (5/15)             Temple (1/1) D:4

Altars:
Cheibriados
Dithmenos
Elyvilon
Fedhas
Gozag
Hepliaklqana
Kikubaaqudgha
Makhleb
Nemelex Xobeh
Okawaru
Qazlal
Ru
Trog
Uskayaw
Wu Jian
Xom
Yredelemnul
Zin
The Shining One


Innate Abilities, Weirdness & Mutations

Your serpentine skin is tough. (AC +2)
You have supernaturally acute eyesight. (SInv)
Armour fits poorly on your strangely shaped body.
Your system is resistant to poisons. (rPois)
You cover ground very slowly.
You can spit poison.
You have a snake-like lower body.


Message History

You hit the centaur.
The centaur looks as sick as possible!
The centaur is heavily wounded.
The jelly is no longer distracted by gold.
The centaur closely misses you. The centaur kicks you. The centaur hits you.
The centaur kicks you but does no damage.
Unknown command.
You closely miss the centaur.
The centaur is severely wounded.
The centaur hits you. The centaur completely misses you. The centaur hits you.
The centaur barely misses you.
You hit the centaur.
The centaur looks as sick as possible!
The centaur is almost dead.
You kill the centaur!
The jelly hits you but does no damage.
You barely miss the jelly. The jelly barely misses you.
Unknown command.
You barely miss the jelly. The jelly hits you but does no damage.
Unknown command.
You hit the jelly.
Your hands burn!
The jelly is lightly wounded.
The jelly hits you but does no damage.
Unknown command.
You are too injured to fight recklessly!
Unknown command.
You hit the jelly.
Your hands burn!
The jelly is moderately wounded.
The jelly hits you. The acid corrodes you!
You are splashed with acid!
You hit the jelly.
Your hands burn!
The jelly is moderately wounded.
The jelly hits you.
* * * LOW HITPOINT WARNING * * *
The acid corrodes you!
You are splashed with acid!
* * * LOW HITPOINT WARNING * * *
The jelly hits you.
* * * LOW HITPOINT WARNING * * *
The acid corrodes you!
You are splashed with acid.
* * * LOW HITPOINT WARNING * * *
You hit the jelly but do no damage.
Your hands burn!
You die...
Your body crumbles into a pile of gold.

#...##.#.# #......'......# #.
#.#.##.#.# #......##########.
#.#.##.......................
..#..#.#.####################
#.###.## .. #..### ..#
##...#### ## ..###....#######
#........J@....#
J..###....#####.# # #...####
#..### #.# #.. #.


You could see a jelly.

Vanquished Creatures
  Eustachio (D:5)
  A centaur (D:5)
  Blork the orc (D:4)
  A scorpion (D:4)
  A jelly (D:4)
  2 hounds
  2 orc priests (D:3)
  An iguana (D:5)
  Natasha (D:4)
  5 adders
  A white imp (D:5)
  2 worms (D:2)
  2 dart slugs
  11 orcs
  11 endoplasms
  A giant cockroach (D:2)
  4 goblins
  5 hobgoblins
  7 jackals (D:1)
  A quokka (D:3)
  9 ball pythons
  2 bats (D:1)
  3 frilled lizards
  6 kobolds
  7 rats
88 creatures vanquished.

Notes
Turn   | Place    | Note
-------+----------+-------------------------------------------
     0 | D:1      | olmar the Naga Fighter began the quest for the Orb.
     0 | D:1      | Reached XP level 1. HP: 21/21 MP: 1/1
   182 | D:1      | Reached XP level 2. HP: 28/28 MP: 2/2
   356 | D:1      | Reached XP level 3. HP: 23/34 MP: 3/3
   536 | D:1      | Found a faded altar of an unknown god.
   536 | D:1      | Noticed a red devil
  1364 | D:2      | Reached XP level 4. HP: 36/43 MP: 4/4
  1891 | D:3      | Reached skill level 1 in Stealth
  1891 | D:3      | Reached XP level 5. HP: 21/50 MP: 5/5
  2106 | D:3      | Found a glowing silver altar of Zin.
  2281 | D:3      | Found a shadowy altar of Dithmenos.
  2282 | D:3      | Found a hide-covered altar of Uskayaw.
  2282 | D:3      | Found a snail-covered altar of Cheibriados.
  2284 | D:3      | Found a shimmering altar of Xom.
  2286 | D:3      | Found a basalt altar of Yredelemnul.
  2952 | D:4      | Noticed Blork the orc
  2963 | D:4      | Killed Blork the orc
  2964 | D:4      | Reached XP level 6. HP: 6/57 MP: 6/6
  3190 | D:4      | Found a sparkling altar of Nemelex Xobeh.
  3418 | D:4      | Found a staircase to the Ecumenical Temple.
  3447 | Temple   | Entered the Ecumenical Temple
  3579 | Temple   | Became a worshipper of Gozag Ym Sagoz the Greedy
  3747 | D:4      | Noticed Natasha
  3763 | D:4      | Killed Natasha
  3764 | D:4      | Reached XP level 7. HP: 32/64 MP: 7/7
  4190 | D:5      | Entered Level 5 of the Dungeon
  4251 | D:5      | Noticed Eustachio
  4298 | D:5      | Killed Eustachio
  4299 | D:5      | Reached skill level 1 in Dodging
  4519 | D:5      | HP: 2/64 [acid (6)]
  4520 | D:5      | Splashed by a jelly's acid

Illustrated notes

Levels and vault maps discovered:
D:1:      reono_arrival_forest_river, layout_rooms,
          dreamdust_ecumenical_altar_sealed_demon
D:2:      minmay_chambers_of_ones, layout_basic, minivault_19
D:3:      layout_loops_corners, minitemple, hangedman_decor_clover_reticule
D:4:      layout_loops_ring, mainiacjoe_overflow_concentric_impassable,
          minmay_temple_entry_wispy, uniq_blork_the_orc, uniq_natasha
D:5:      minmay_general_purpose_star, layout_basic, led_sif_pool, uniq_duvessa,
          uniq_eustachio
Temple:   nicolae_temple_bog_church

Skill      XL: |  1  2  3  4  5  6  7 |
---------------+----------------------+-----
Armour         | 3 4 |  4.6
Maces & Flails | 3 4 |  4.8
Stealth        | 1 2 |  2.2
Shields        | 3 |  3.4
Fighting       | 4 |  4.3
Dodging        | 1 |  1.5

Action                     |  1- 3 |  4- 6 |  7- 9 || total
---------------------------+-------+-------+-------++-------
  Melee: Flail             |   123 |   139 |    63 ||   325
Ability: Spit Poison       |     8 |    18 |     9 ||    35
    Use: Potion            |       |     3 |     5 ||     8
         Scroll            |       |       |     4 ||     4
 Armour: Scale mail        |   105 |    65 |   102 ||   272
  Dodge: Dodged            |    63 |    51 |    59 ||   173
  Block: Buckler           |    26 |    24 |    40 ||    90
